[Event "LEM Niedersachsen-A-Open 2025"]
[Site "Verden"]
[Date "2025.01.02"]
[Round "2.1"]
[White "Gottschalk, Siegfried"]
[Black "Laubsch, Bernd"]
[Result "0-1"]
[ECO "D85"]
[WhiteElo "1936"]
[BlackElo "2215"]
[Annotator "TA"]
[PlyCount "176"]
[EventDate "2024.12.27"]
[EventType "swiss"]
[EventCountry "GER"]
[SourceTitle "playchess.com"]
[Source "ChessBase"]
[SourceQuality "1"]
[TimeControl "40/5400+30:1800+30"]

1. c4 Nf6 2. Nf3 g6 3. Nc3 d5 4. cxd5 Nxd5 5. e4 Nxc3 6. bxc3 Bg7 7. d4 O-O 8. Be2 c5 9. O-O Nc6 10. Be3 Qa5 (10... Na5 $14) 11. Qb3 (11. dxc5 $6 Bxc3 12. Rb1 Qxa2 $11) (11. d5 $16 Nd8 12. Nd2) 11... b6 12. Rac1 (12. Bb5 $16 Bd7 13. Rab1 (13. dxc5 bxc5 14. Qa4 Qxa4 $11)) 12... Bg4 (12... Ba6 $14 13. Bxa6 Qxa6) 13. d5 $1 $16 Nd8 14. h3 Bd7 15. Nd2 (15. e5 $16) 15... Nb7 16. f4 b5 (16... e6 $14) 17. Bf3 (17. e5) 17... Rac8 18. a3 (18. e5 $16) 18... a6 (18... e5 $11) 19. Rfd1 (19. e5 $16) 19... e5 {[%emt 0:10:08] Strongly threatening ...exf4.} 20. dxe6 Bxe6 21. Qc2 Qc7 22. e5 Rfd8 (22... Na5 $11) 23. Ne4 $14 Bf8 $2 (23... Rxd1+ $14 24. Rxd1 Rd8) 24. Nf6+ $18 Kg7 25. Qf2 Be7 26. Qh4 h5 27. Qg5 (27. g4 $18) 27... Rh8 $16 28. Bxh5 (28. Nxh5+ $2 Rxh5 29. Qg3 Rh4 $19) 28... c4 29. Bf3 (29. Bg4 $18) 29... Nc5 30. Bd4 (30. Qg3 $16) 30... Kf8 (30... Rcd8 $11) 31. Qg3 (31. g4 $16 {and f5 should not be overlooked} Nd3 32. Kg2 Nxc1 33. Rxc1) 31... Nd3 (31... Nb3 $11) 32. Ra1 Rd8 {[%emt 0:01:47][%cal Od8d4] [#]} 33. Be4 $1 Nc5 34. Bc2 (34. Qe3 $16) 34... Qc8 (34... Nb3 $11) 35. Ng4 (35. Bf2 $16) 35... Bf5 (35... Nb3 $11) 36. Bxf5 Qxf5 (36... gxf5 $142 37. Ne3 Nb3) 37. Nf6 ({Better is} 37. Ne3 $16 Qc8 38. e6 Rxd4 39. cxd4 (39. Rxd4 Nxe6 40. Rdd1 Qb8 $16)) 37... Nd3 $11 38. Qf3 Rxd4 39. cxd4 Bxf6 40. exf6 Qxf6 41. Rxd3 cxd3 42. Qxd3 {[%emt 0:00:02][%mdl 4096] Endgame KQR-KQR. White is a pawn up.} Kg7 43. Rf1 Rd8 44. d5 Qd6 45. Rd1 (45. Qd4+ $14 f6 (45... Kg8 46. Rd1 $11) 46. Qe3) 45... Qxf4 46. d6 Qe5 47. Rd2 Rd7 48. Rd1 f5 49. Rd2 Kf6 50. Kf2 {[%emt 0:00:18] Repels Qe1+} g5 51. g3 Qc5+ 52. Kg2 Qc4 53. Qxc4 bxc4 {[%emt 0:00:02] KR-KR} 54. Rd4 (54. Rc2 {simplifies} Rxd6 55. Rxc4 Rd2+ 56. Kf3) 54... c3 55. Rc4 Rxd6 56. Rxc3 Ke5 57. Kf3 Rd5 58. Ke3 Rb5 59. h4 gxh4 60. gxh4 Ra5 61. Kf3 Ra4 62. Kg3 Rg4+ 63. Kh3 Rg8 64. Rg3 Rd8 65. h5 f4 66. Rb3 Rg8 67. Kh4 Ke4 68. Rb4+ Kf5 69. Rc4 f3 70. Rc5+ (70. Rc7 $11 {keeps the balance.}) 70... Kf4 {[%emt 0:00:09] ( -> ...f2)} 71. Rc4+ Ke3 {[%emt 0:00:13] ( -> ...Rf8)} 72. Rc6 $2 (72. Rc3+ $17 Ke2 73. Rc2+ Ke1 74. Rc6) 72... f2 73. Re6+ Kf3 74. Rf6+ Kg2 75. h6 f1=Q ({Less strong is} 75... f1=B 76. Rd6 $15) 76. Rxf1 Kxf1 {[%emt 0:00:02] KR-KPP} 77. Kh5 Ke2 78. h7 Rg1 79. Kh6 Kd3 80. h8=Q Rh1+ 81. Kg7 Rxh8 82. Kxh8 {[%emt 0:00:00] KP-KP} Kc4 83. Kg7 Kb3 84. Kf6 Kxa3 85. Ke5 Kb3 86. Kd4 {[%emt 0:00:00] [#]} a5 $1 87. Kd3 a4 88. Kd2 Kb2 0-1

[Event "LEM Niedersachsen-A-Open 2025"]
[Site "Verden"]
[Date "2025.01.02"]
[Round "2.2"]
[White "Stotyn, Fabian"]
[Black "Belakhin, Alexander"]
[Result "1-0"]
[ECO "B12"]
[WhiteElo "2123"]
[BlackElo "1945"]
[Annotator "NA RC"]
[PlyCount "59"]
[EventDate "2024.12.27"]
[EventType "swiss"]
[EventCountry "GER"]
[SourceTitle "playchess.com"]
[Source "ChessBase"]
[SourceQuality "1"]
[TimeControl "40/5400+30:1800+30"]

1. e4 c6 2. d4 d5 3. e5 c5 4. dxc5 e6 5. Nf3 Bxc5 6. Bd3 Ne7 7. a3 a6 8. h4 Nd7 9. h5 h6 10. Rh3 Nc6 11. b4 Bf8 12. Bb2 b5 13. Nbd2 Nb6 14. Nb3 Qc7 15. Qe2 Bb7 16. Nbd4 Na4 17. O-O-O O-O-O 18. Nxc6 Bxc6 19. Nd4 Kb7 20. Nb3 Bd7 21. Bd4 Rc8 22. f4 f5 23. g4 Be7 24. gxf5 Rhf8 25. Rg3 exf5 26. Rg6 Nc3 27. Qg2 Nxd1 28. Na5+ Ka8 29. Rxa6+ Kb8 30. Qxd5 1-0

[Event "LEM Niedersachsen-A-Open 2025"]
[Site "Verden"]
[Date "2025.01.02"]
[Round "2.3"]
[White "Soellig, Martin"]
[Black "Reimer, Philip"]
[Result "1/2-1/2"]
[ECO "B25"]
[WhiteElo "1930"]
[BlackElo "2131"]
[Annotator "TA"]
[PlyCount "104"]
[EventDate "2024.12.27"]
[EventType "swiss"]
[EventCountry "GER"]
[SourceTitle "playchess.com"]
[Source "ChessBase"]
[SourceQuality "1"]
[TimeControl "40/5400+30:1800+30"]

1. e4 c5 2. Nc3 Nc6 3. g3 g6 4. Bg2 Bg7 5. Nge2 e6 6. d3 d6 7. h3 Nge7 8. Bf4 O-O 9. O-O Nd4 10. Kh2 Nec6 11. Qd2 b5 12. Rae1 b4 13. Nd1 e5 14. Be3 Qa5 15. Nc1 Rb8 16. c3 bxc3 17. bxc3 Nb5 $1 18. Nb3 Qa4 19. f4 $1 exf4 20. Bxf4 (20. gxf4 $11 c4 21. dxc4 Qxc4 22. f5) 20... c4 (20... Ne5 $1 $15) 21. dxc4 $14 Qxc4 22. Rf3 (22. Ne3 $1 $11 Qe6 (22... Qxc3 23. Qxc3 Bxc3 24. Rc1 $14) 23. Nd5) 22... Ne5 $15 23. Bxe5 Bxe5 24. Bf1 Qa4 25. c4 Nc7 $36 {[%emt 0:07:04][%mdl 2048] Black has some pressure.} 26. Nc3 Qb4 27. Qc2 (27. Nd4 $142) 27... Ba6 {[%emt 0:05:19] A strong pair of Bishops.} (27... Bd7 $17 28. Rb1 Qa3) 28. Nd2 (28. Rb1 $15) 28... Ne6 $1 $19 29. Nd5 Qb2 30. Qc1 Qxc1 31. Rxc1 Rb2 32. Rf2 Nd4 (32... Nc5 $19 33. Rg2 Rfb8 (33... Rxa2 $2 34. Nf3 $19)) 33. Kg2 (33. c5 $17 {is a better defense.} Bxf1 (33... Rxa2 34. Bxa6 dxc5 35. Rxc5 $11) 34. Rcxf1) 33... Bb7 (33... f5 $19 34. exf5 Nxf5) 34. Rb1 (34. Nf3 $1 $15 Bxd5 35. cxd5 Nxf3 36. Kxf3) 34... Rxb1 $17 35. Nxb1 Bxd5 36. cxd5 Rc8 37. Na3 $2 {[%emt 0:01:05] Repels Nc2} ({White should try} 37. Bd3 $15) 37... Rc3 $19 38. Nc4 Rxg3+ 39. Kh1 Nf3 40. Bg2 Nh4 41. Nxe5 dxe5 {[%emt 0:02:23][%mdl 4096] Endgame KRB-KRN. Black is a pawn up.} 42. Bf1 Re3 $4 (42... f5 $19 43. exf5 Nxf5) 43. d6 $18 Re1 {[%emt 0:07:09][%cal Og8f8] [#]} 44. Kh2 $2 ({Only move:} 44. Rd2 $1 $18 {Strongly threatening d7.} Rxf1+ 45. Kh2 Nf3+ 46. Kg2 Nxd2 47. d7) 44... Rxe4 $17 45. d7 Rd4 46. Bb5 {[%emt 0:00:00] [#]} Kf8 ({Better is} 46... Kg7 $1 $17 {[%cal Oa7a6] and ...a6! should not be overlooked} 47. Re2 h6) 47. Rc2 $11 Ke7 $1 48. Rc8 Rd2+ 49. Kg1 Nf3+ (49... Rxa2 50. d8=Q+ (50. d8=B+ Kd6 $18) 50... Ke6 51. Bd7+ Kd6 52. Bg4#) 50. Kf1 Nh2+ (50... Rxa2 51. d8=Q+ (51. d8=R Nd2+ 52. Ke1 Nf3+ 53. Kd1 f5 $18) 51... Ke6 52. Bd7+ Kd6 53. Bg4#) 51. Ke1 (51. Kg1 $5 Nf3+ $8 (51... Rxa2 52. d8=Q+ Ke6 53. Bd7+ Kd6 54. Bg4#) 52. Kf1 Nh2+ (52... Rxa2 53. d8=Q+ Ke6 54. Bd7+ Kd6 55. Bg4#) 53. Ke1 Nf3+ (53... Rxa2 54. d8=Q+ Ke6 55. Bd7+ Kd6 56. Bg4#) 54. Kf1 $11) 51... Nf3+ (51... Rxa2 52. d8=Q+ (52. d8=B+ Kd6 $16) 52... Ke6 53. Bd7+ Kd6 54. Bg4#) 52. Kf1 Nh2+ ({Weaker is} 52... Rxa2 53. d8=Q+ (53. d8=R Nh2+ 54. Ke1 Nf3+ 55. Kd1 f5 $16) 53... Ke6 54. Bd7+ Kd6 55. Bg4#) 1/2-1/2

[Event "LEM Niedersachsen-A-Open 2025"]
[Site "Verden"]
[Date "2025.01.02"]
[Round "2.4"]
[White "Eschholz, Enno"]
[Black "Scheffner, Jarno"]
[Result "0-1"]
[ECO "B26"]
[WhiteElo "2121"]
[BlackElo "1925"]
[Annotator "NA RC"]
[PlyCount "67"]
[EventDate "2024.12.27"]
[EventType "swiss"]
[EventCountry "GER"]
[SourceTitle "playchess.com"]
[Source "ChessBase"]
[SourceQuality "1"]
[TimeControl "40/5400+30:1800+30"]

1. e4 c5 2. Nc3 d6 3. g3 Nc6 4. Bg2 g6 5. d3 Bg7 6. Be3 Nf6 7. h3 Qa5 8. Nge2 Bd7 9. O-O O-O 10. Qd2 Rfc8 11. f4 b5 12. a3 Rab8 13. g4 h5 14. g5 Nh7 15. f5 Nd4 16. fxg6 fxg6 17. Nf4 Nf8 18. Qf2 Be8 19. Ncd5 Qd8 20. c3 Nc6 21. Ne2 Ne5 22. Rad1 a5 23. d4 cxd4 24. Bxd4 Ne6 25. Nef4 Nxg5 26. h4 Ng4 27. Qd2 e5 28. hxg5 Bf7 29. Bb6 Rxb6 30. Nxb6 Qxb6+ 31. Kh1 exf4 32. Qxf4 Bc4 33. Rxd6 Qc5 34. e5 0-1

[Event "LEM Niedersachsen-A-Open 2025"]
[Site "Verden"]
[Date "2025.01.02"]
[Round "2.5"]
[White "Gehrke, Mathias"]
[Black "Weigand, Anton"]
[Result "0-1"]
[ECO "B23"]
[WhiteElo "1873"]
[BlackElo "2092"]
[Annotator "NA RC"]
[PlyCount "64"]
[EventDate "2024.12.27"]
[EventType "swiss"]
[EventCountry "GER"]
[SourceTitle "playchess.com"]
[Source "ChessBase"]
[SourceQuality "1"]
[TimeControl "40/5400+30:1800+30"]

1. e4 c5 2. Nc3 Nc6 3. Bb5 Nf6 4. Bxc6 dxc6 5. d3 e5 6. Nge2 Bd6 7. O-O O-O 8. Ng3 Bg4 9. f3 Be6 10. Be3 b6 11. b3 h6 12. Qd2 Kh7 13. Kh1 g5 14. Nf5 Nh5 15. g3 Qd7 16. Nxd6 Qxd6 17. Qe2 Rg8 18. Rf2 Rg7 19. Raf1 Rag8 20. Na4 Nf6 21. Qd2 Ne8 22. g4 h5 23. h4 hxg4 24. hxg5 Rh8 25. f4 g3 26. Rg2 Kg8+ 27. Kg1 Rgh7 28. Rxg3 Rh1+ 29. Kf2 R8h2+ 30. Rg2 Rxf1+ 31. Kxf1 Bh3 32. fxe5 Qe6 0-1

[Event "LEM Niedersachsen-A-Open 2025"]
[Site "Verden"]
[Date "2025.01.02"]
[Round "2.6"]
[White "Burkhardt, Holger"]
[Black "Thomas, Jeremy"]
[Result "1/2-1/2"]
[ECO "B90"]
[WhiteElo "2092"]
[BlackElo "1935"]
[Annotator "NA RC"]
[PlyCount "80"]
[EventDate "2024.12.27"]
[EventType "swiss"]
[EventCountry "GER"]
[SourceTitle "playchess.com"]
[Source "ChessBase"]
[SourceQuality "1"]
[TimeControl "40/5400+30:1800+30"]

1. e4 c5 2. Nf3 d6 3. d4 cxd4 4. Nxd4 Nf6 5. Nc3 a6 6. Nb3 g6 7. Be3 Bg7 8. Qd2 O-O 9. f3 Nc6 10. O-O-O Bd7 11. Kb1 Rc8 12. Bh6 Ne5 13. h4 Nh5 14. Bxg7 Kxg7 15. Qf2 f5 16. exf5 Bxf5 17. Nd4 Qa5 18. Qe1 Bd7 19. g4 Nf4 20. h5 g5 21. h6+ Kh8 22. Qe3 Rg8 23. Nb3 Qc7 24. Rh2 Be6 25. Ne4 Rcf8 26. Nd4 Bd7 27. c4 Qb6 28. Rc2 Nf7 29. c5 Qd8 30. cxd6 exd6 31. Bc4 Rg6 32. Bxf7 Rxf7 33. Nf5 Bxf5 34. Qc3+ Kg8 35. gxf5 Rxh6 36. f6 Rfxf6 37. Nxg5 Rhg6 38. Ne4 Rf7 39. Rcd2 d5 40. Qb3 Qc8 1/2-1/2

[Event "LEM Niedersachsen-A-Open 2025"]
[Site "Verden"]
[Date "2025.01.02"]
[Round "2.7"]
[White "Zweigait, Leon"]
[Black "Renner, Kai"]
[Result "1-0"]
[ECO "A21"]
[WhiteElo "1865"]
[BlackElo "2080"]
[Annotator "NA RC"]
[PlyCount "103"]
[EventDate "2024.12.27"]
[EventType "swiss"]
[EventCountry "GER"]
[SourceTitle "playchess.com"]
[Source "ChessBase"]
[SourceQuality "1"]
[TimeControl "40/5400+30:1800+30"]

1. c4 f5 2. Nc3 Nf6 3. d4 d6 4. g3 g6 5. Bg2 Bg7 6. e3 O-O 7. Nge2 e5 8. O-O c6 9. b4 e4 10. d5 a5 11. dxc6 Nxc6 12. b5 Ne5 13. Qb3 Be6 14. Nd5 Nxc4 15. Nef4 Bxd5 16. Nxd5 Nxd5 17. Qxc4 Bxa1 18. Qxd5+ Rf7 19. Rd1 Be5 20. Bf1 Kg7 21. Bc4 Re7 22. Ba3 Rc8 23. Bb3 b6 24. Kg2 Rd7 25. h4 Qf6 26. Rd2 Bc3 27. Rc2 Qe5 28. Qxe5+ dxe5 29. Be6 Rdc7 30. Bxc8 Rxc8 31. Bb2 Rc5 32. Rxc3 Rxb5 33. Rb3 Rxb3 34. Bxe5+ Kf7 35. axb3 b5 36. g4 fxg4 37. Kg3 Ke6 38. Bc3 a4 39. bxa4 bxa4 40. Kxg4 Kd5 41. Kf4 Kc4 42. Bg7 Kd3 43. Ke5 a3 44. Kd5 a2 45. Bd4 h6 46. Ke5 g5 47. hxg5 hxg5 48. Kf5 Ke2 49. Kxg5 Kxf2 50. Kf4 Ke2 51. Kxe4 Kd2 52. Ba1 1-0

[Event "LEM Niedersachsen-A-Open 2025"]
[Site "Verden"]
[Date "2025.01.02"]
[Round "2.8"]
[White "Vormann, Dirk"]
[Black "Becker, Stefan"]
[Result "0-1"]
[ECO "A43"]
[WhiteElo "1860"]
[BlackElo "2036"]
[Annotator "NA RC"]
[PlyCount "32"]
[EventDate "2024.12.27"]
[EventType "swiss"]
[EventCountry "GER"]
[SourceTitle "playchess.com"]
[Source "ChessBase"]
[SourceQuality "1"]
[TimeControl "40/5400+30:1800+30"]

1. d4 c5 2. Nf3 cxd4 3. Nxd4 d5 4. e3 e5 5. Nf3 Nc6 6. Be2 Nf6 7. O-O Bd6 8. c4 dxc4 9. Bxc4 O-O 10. Nc3 e4 11. Ng5 Bxh2+ 12. Kh1 Bd6 13. Nb5 Be5 14. Nxf7 Rxf7 15. Qxd8+ Nxd8 16. Rd1 Be6 0-1

[Event "LEM Niedersachsen-A-Open 2025"]
[Site "Verden"]
[Date "2025.01.02"]
[Round "2.9"]
[White "Hoellman, Ludger"]
[Black "Langer, Michael S."]
[Result "1-0"]
[ECO "E18"]
[WhiteElo "2026"]
[BlackElo "1933"]
[Annotator "NA RC"]
[PlyCount "45"]
[EventDate "2024.12.27"]
[EventType "swiss"]
[EventCountry "GER"]
[SourceTitle "playchess.com"]
[Source "ChessBase"]
[SourceQuality "1"]
[TimeControl "40/5400+30:1800+30"]

1. d4 e6 2. c4 b6 3. Nc3 Bb7 4. Nf3 f5 5. g3 Nf6 6. Bg2 Be7 7. O-O Ne4 8. Bd2 O-O 9. Rc1 Bf6 10. e3 a6 11. b3 d6 12. Ne1 Nxc3 13. Bxc3 Bxg2 14. Kxg2 Nd7 15. Nd3 Qe8 16. Qf3 g5 17. Qc6 Rc8 18. f4 g4 19. e4 Qf7 20. Rfe1 Qg7 21. e5 dxe5 22. dxe5 Bd8 23. Qxe6+ 1-0

[Event "LEM Niedersachsen-A-Open 2025"]
[Site "Verden"]
[Date "2025.01.02"]
[Round "2.10"]
[White "Direk, Oguzhan"]
[Black "Koch, Yannick"]
[Result "0-1"]
[ECO "B13"]
[WhiteElo "1838"]
[BlackElo "2024"]
[Annotator "NA RC"]
[PlyCount "126"]
[EventDate "2024.12.27"]
[EventType "swiss"]
[EventCountry "GER"]
[SourceTitle "playchess.com"]
[Source "ChessBase"]
[SourceQuality "1"]
[TimeControl "40/5400+30:1800+30"]

1. d4 Nf6 2. Nc3 d5 3. Bf4 c5 4. e3 cxd4 5. exd4 Bg4 6. Be2 Bxe2 7. Qxe2 a6 8. Nf3 e6 9. O-O Nc6 10. h3 Bd6 11. Qd2 O-O 12. Ne2 Ne4 13. Qe3 b5 14. Nd2 Bxf4 15. Nxf4 Nd6 16. c3 Re8 17. Nd3 Qb6 18. Qf4 Red8 19. a3 Na5 20. Ne5 Ra7 21. Rfc1 Ndc4 22. b4 Nc6 23. Ndxc4 dxc4 24. a4 Nxe5 25. Qxe5 Rd5 26. Qe2 Rg5 27. axb5 axb5 28. Ra2 Qb7 29. f4 Rxa2 30. Qxa2 Rg3 31. Ra1 g6 32. Qa8+ Qxa8 33. Rxa8+ Kg7 34. Ra3 h5 35. Kf2 h4 36. Ra5 Rxc3 37. Rxb5 Rd3 38. Rc5 Rxd4 39. b5 Rd2+ 40. Kf3 Rb2 41. Rxc4 Rxb5 42. Kg4 Rb2 43. Kf3 Rb3+ 44. Kf2 Kf6 45. Rc5 Rd3 46. Rg5 Rd5 47. Rg4 Rh5 48. g3 hxg3+ 49. Rxg3 Kf5 50. Rf3 Ke4 51. Kg2 Rf5 52. Kg3 e5 53. Ra3 Rxf4 54. Ra4+ Kf5 55. Ra7 f6 56. Ra5 Rb4 57. Ra6 Rb3+ 58. Kg2 e4 59. Rc6 Rf3 60. Ra6 Kg5 61. Rb6 f5 62. h4+ Kh5 63. Re6 Rf4 0-1

[Event "LEM Niedersachsen-A-Open 2025"]
[Site "Verden"]
[Date "2025.01.02"]
[Round "2.11"]
[White "Kieselbach, Marvin"]
[Black "Burnus, Finn Crispin"]
[Result "1/2-1/2"]
[ECO "C88"]
[WhiteElo "2008"]
[BlackElo "1883"]
[Annotator "NA RC"]
[PlyCount "35"]
[EventDate "2024.12.27"]
[EventType "swiss"]
[EventCountry "GER"]
[SourceTitle "playchess.com"]
[Source "ChessBase"]
[SourceQuality "1"]
[TimeControl "40/5400+30:1800+30"]

1. e4 e5 2. Nf3 Nc6 3. Bb5 a6 4. Ba4 Nf6 5. O-O b5 6. Bb3 Be7 7. Re1 O-O 8. a4 Rb8 9. axb5 axb5 10. d4 d6 11. dxe5 Nxe5 12. Nxe5 dxe5 13. Qe2 Bc5 14. h3 Qe7 15. Nc3 c6 16. Qf3 h6 17. Nd1 Bb7 18. Be3 1/2-1/2

[Event "LEM Niedersachsen-A-Open 2025"]
[Site "Verden"]
[Date "2025.01.02"]
[Round "2.12"]
[White "Loecken, Siegfried"]
[Black "Sayas Payyappat"]
[Result "0-1"]
[ECO "A10"]
[WhiteElo "2004"]
[BlackElo "1823"]
[Annotator "NA RC"]
[PlyCount "40"]
[EventDate "2024.12.27"]
[EventType "swiss"]
[EventCountry "GER"]
[SourceTitle "playchess.com"]
[Source "ChessBase"]
[SourceQuality "1"]
[TimeControl "40/5400+30:1800+30"]

1. Nf3 Nc6 2. c4 d6 3. g3 e5 4. d3 Be6 5. Nc3 Be7 6. Bg2 Qd7 7. Nd5 Nf6 8. Ng5 O-O 9. Nxe6 fxe6 10. Nxe7+ Qxe7 11. O-O Rad8 12. b4 Nxb4 13. Rb1 c5 14. Qa4 d5 15. Qxa7 Ra8 16. Qb6 Rxa2 17. Bb2 d4 18. Qxb7 Qxb7 19. Bxb7 Rb8 20. Bf3 Nc2 0-1

[Event "LEM Niedersachsen-A-Open 2025"]
[Site "Verden"]
[Date "2025.01.02"]
[Round "2.13"]
[White "Ploog, Martin"]
[Black "Lieb, Max"]
[Result "1-0"]
[ECO "D30"]
[WhiteElo "2001"]
[BlackElo "1791"]
[Annotator "NA RC"]
[PlyCount "100"]
[EventDate "2024.12.27"]
[EventType "swiss"]
[EventCountry "GER"]
[SourceTitle "playchess.com"]
[Source "ChessBase"]
[SourceQuality "1"]
[TimeControl "40/5400+30:1800+30"]

1. c4 Nf6 2. g3 e6 3. Bg2 d5 4. Nf3 Be7 5. O-O O-O 6. b3 c5 7. cxd5 exd5 8. d4 Nc6 9. Bb2 Re8 10. Nbd2 b6 11. e3 Ba6 12. Re1 Rc8 13. Ne5 cxd4 14. Nxc6 Rxc6 15. Bxd4 Qc7 16. Rc1 Rc8 17. Rxc6 Qxc6 18. Bh3 Rd8 19. Qb1 Ba3 20. Bf5 h6 21. Nf3 Bc8 22. Bxc8 Rxc8 23. Bxf6 Qxf6 24. Nd4 a6 25. Qd3 b5 26. Rd1 Qe5 27. Ne2 Qe4 28. Qxd5 Qxd5 29. Rxd5 Rc2 30. Nd4 Rxa2 31. Rd8+ Kh7 32. Ra8 Bb2 33. Nc6 Bc3 34. Ra7 Be1 35. Rxf7 a5 36. Kf1 Bc3 37. Rb7 b4 38. Ra7 a4 39. Nxb4 Ra1+ 40. Ke2 axb3 41. Rxa1 Bxa1 42. Kd1 Kg6 43. Nd3 Kf5 44. f3 Bc3 45. Nc5 b2 46. Kc2 h5 47. e4+ Ke5 48. Na4 Bd4 49. Nxb2 Bg1 50. Nd3+ Kd4 1-0

[Event "LEM Niedersachsen-A-Open 2025"]
[Site "Verden"]
[Date "2025.01.02"]
[Round "2.14"]
[White "Bundan, Edward"]
[Black "Hilker, Bjoern"]
[Result "1/2-1/2"]
[ECO "D02"]
[WhiteElo "1822"]
[BlackElo "1993"]
[Annotator "NA RC"]
[PlyCount "56"]
[EventDate "2024.12.27"]
[EventType "swiss"]
[EventCountry "GER"]
[SourceTitle "playchess.com"]
[Source "ChessBase"]
[SourceQuality "1"]
[TimeControl "40/5400+30:1800+30"]

1. d4 d5 2. Nf3 e6 3. g3 c5 4. Bg2 Nc6 5. O-O Nf6 6. b3 Be7 7. dxc5 Bxc5 8. Bb2 O-O 9. Nbd2 Re8 10. c4 d4 11. Ng5 e5 12. Nge4 Nxe4 13. Nxe4 Be7 14. Nd2 Bg4 15. h3 Bh5 16. g4 Bg6 17. a3 a5 18. Be4 Bxe4 19. Nxe4 Qd7 20. Nc3 h5 21. f3 Bc5 22. Kg2 Rad8 23. Ne4 Be7 24. Qd3 f5 25. Nf2 hxg4 26. hxg4 Bh4 27. Rh1 Bxf2 28. Kxf2 e4 1/2-1/2

[Event "LEM Niedersachsen-A-Open 2025"]
[Site "Verden"]
[Date "2025.01.02"]
[Round "2.16"]
[White "Aden, Tammo"]
[Black "Muecke, Leonard"]
[Result "1-0"]
[ECO "B07"]
[WhiteElo "2077"]
[BlackElo "1853"]
[Annotator "RC"]
[PlyCount "145"]
[EventDate "2024.12.27"]
[EventType "swiss"]
[EventCountry "GER"]
[SourceTitle "playchess.com"]
[Source "ChessBase"]
[SourceQuality "1"]
[TimeControl "40/5400+30:1800+30"]

1. d4 g6 2. e4 d6 3. Nc3 Nf6 4. Bc4 Bg7 5. h4 h5 6. Bg5 c6 7. Nf3 b5 8. Bd3 Qc7 9. e5 dxe5 10. Nxe5 Nbd7 11. Bf4 Nxe5 12. Bxe5 Qb6 13. Qf3 Bg4 14. Qg3 O-O 15. O-O Nd5 16. f3 Be6 17. Bxg7 Kxg7 18. Qe5+ Kg8 19. Bxg6 Nf6 20. Be4 Rac8 21. Rad1 Rfd8 22. Kh1 Qc7 23. Qg5+ Kf8 24. b3 Qd6 25. Rfe1 a6 26. Bf5 Bxf5 27. Qxf5 Qg3 28. Qg5 Qxg5 29. hxg5 Nd5 30. Ne4 b4 31. Kh2 e6 32. Kg3 Kg7 33. Kf2 a5 34. Rh1 Rh8 35. a3 Kg6 36. Ra1 Ra8 37. g3 Kg7 38. Ke2 Kg6 39. Kd2 Rhd8 40. f4 Ne7 41. c3 bxc3+ 42. Kxc3 Nf5 43. Rad1 Rab8 44. Rd3 Ne7 45. Rd2 Kf5 46. Nf6 Nd5+ 47. Nxd5 Rxd5 48. Rxh5 Kg4 49. Rh7 c5 50. dxc5 Rxc5+ 51. Kb2 Rf5 52. Rd3 Rfb5 53. Rxf7 e5 54. g6 exf4 55. gxf4 Rg8 56. g7 Rf5 57. Rxf5 Kxf5 58. Rg3 Kxf4 59. Rg1 Ke5 60. Kc3 Kd5 61. Rg5+ Kc6 62. Kc4 a4 63. b4 Kb6 64. Rg6+ Ka7 65. Kb5 Kb7 66. Kxa4 Ka7 67. b5 Kb7 68. Kb4 Ka7 69. a4 Kb7 70. a5 Ka7 71. a6 Ka8 72. b6 Kb8 73. Rh6 1-0

[Event "LEM Niedersachsen-A-Open 2025"]
[Site "Verden"]
[Date "2025.01.02"]
[Round "2.17"]
[White "Oblender, Rudi"]
[Black "Ophardt, Paul"]
[Result "0-1"]
[ECO "C13"]
[WhiteElo "1779"]
[BlackElo "2015"]
[Annotator "NA RC"]
[PlyCount "110"]
[EventDate "2024.12.27"]
[EventType "swiss"]
[EventCountry "GER"]
[SourceTitle "playchess.com"]
[Source "ChessBase"]
[SourceQuality "1"]
[TimeControl "40/5400+30:1800+30"]

1. e4 e6 2. d4 d5 3. Nc3 Nf6 4. Bg5 dxe4 5. Nxe4 Be7 6. Nxf6+ Bxf6 7. Bxf6 Qxf6 8. c3 Nd7 9. Qf3 Qh6 10. Bd3 O-O 11. Qh3 Qxh3 12. Nxh3 c5 13. dxc5 Nxc5 14. Bc2 a5 15. O-O a4 16. f3 h6 17. Nf2 Ra6 18. Ne4 Nxe4 19. Bxe4 Rb6 20. Rab1 e5 21. Rfd1 Be6 22. Bd5 Bf5 23. Be4 Bxe4 24. fxe4 Rc8 25. Rd3 Rc4 26. Re3 Rc7 27. Rd3 g6 28. g4 Kg7 29. Kf2 Rf6+ 30. Rf3 Rxf3+ 31. Kxf3 a3 32. bxa3 Rxc3+ 33. Kf2 Rxa3 34. Rxb7 Rxa2+ 35. Kg3 Ra3+ 36. Kf2 Kf6 37. Kg2 Re3 38. h4 Rxe4 39. Rb6+ Kg7 40. Kf3 Rf4+ 41. Kg3 Rf6 42. Rb3 Re6 43. Re3 f5 44. gxf5 gxf5 45. Kf3 Kf6 46. Re2 Ra6 47. Rb2 Kg6 48. Rb5 Re6 49. Kg3 e4 50. Rb2 e3 51. Kf3 Kh5 52. Rh2 e2 53. Rxe2 Rxe2 54. Kxe2 Kxh4 55. Kf3 Kg5 0-1

[Event "LEM Niedersachsen-A-Open 2025"]
[Site "Verden"]
[Date "2025.01.02"]
[Round "2.18"]
[White "Amrhein, Thorsten"]
[Black "Aden, Keno"]
[Result "1-0"]
[ECO "B11"]
[WhiteElo "1979"]
[BlackElo "1889"]
[Annotator "NA RC"]
[PlyCount "59"]
[EventDate "2024.12.27"]
[EventType "swiss"]
[EventCountry "GER"]
[SourceTitle "playchess.com"]
[Source "ChessBase"]
[SourceQuality "1"]
[TimeControl "40/5400+30:1800+30"]

1. e4 c6 2. Nc3 d5 3. Nf3 dxe4 4. Nxe4 Nf6 5. Qe2 Nxe4 6. Qxe4 Nd7 7. Bc4 Nf6 8. Ne5 e6 9. Qe2 b5 10. Bb3 Qc7 11. d4 Bd6 12. Bf4 a5 13. c3 O-O 14. O-O c5 15. dxc5 Qxc5 16. Rfe1 h6 17. Rad1 Bc7 18. Qf3 Rb8 19. Qe2 Bb7 20. Bc2 Rbd8 21. Bd3 b4 22. cxb4 Qxb4 23. Bg3 Rd5 24. Nc6 Bxc6 25. Bxc7 Rc8 26. Be5 Ng4 27. a3 Qa4 28. b3 Rxe5 29. bxa4 Rxe2 30. Bxe2 1-0

[Event "LEM Niedersachsen-A-Open 2025"]
[Site "Verden"]
[Date "2025.01.02"]
[Round "2.19"]
[White "Boerma, Daniel"]
[Black "Moeller, Tom"]
[Result "0-1"]
[ECO "B40"]
[WhiteElo "1958"]
[BlackElo "1802"]
[Annotator "NA RC"]
[PlyCount "56"]
[EventDate "2024.12.27"]
[EventType "swiss"]
[EventCountry "GER"]
[SourceTitle "playchess.com"]
[Source "ChessBase"]
[SourceQuality "1"]
[TimeControl "40/5400+30:1800+30"]

1. e4 c5 2. d3 e6 3. Nf3 Nc6 4. g3 b5 5. a4 b4 6. Bg2 Qc7 7. O-O Bb7 8. Re1 Nf6 9. Nbd2 Be7 10. Nc4 d5 11. exd5 Nxd5 12. Ng5 Nd4 13. Ne4 b3 14. cxb3 O-O 15. Bd2 Ba6 16. Rc1 Rab8 17. Nc3 Nb4 18. Bf4 Qd7 19. Bxb8 Rxb8 20. Ne5 Qd6 21. f4 Nxb3 22. d4 Nxc1 23. Qxc1 f6 24. Nf3 Nd3 25. Qe3 Nxe1 26. Qxe1 cxd4 27. Ne4 Qd7 28. Ned2 Rxb2 0-1